 Dungeon Crawl Stone Soup version 0.18-a0-1577-gf591c28 (webtiles) character file.

42 ololoev the Firebug (level 3, 0/19 HPs)
             Began as a Deep Elf Fire Elementalist on Mar 21, 2016.
             Killed by divine providence
             ... invoked by an orc priest
              (16 damage)
             ... on level 3 of the Dungeon.
             The game lasted 00:05:24 (758 turns).

ololoev the Firebug (Deep Elf Fire Elementalist)     Turns: 758, Time: 00:05:24

Health: 0/19       AC:  2    Str:  5    XL:     3   Next: 33%
Magic:  19/19      EV: 13    Int: 20    God:
Gold:   31         SH:  0    Dex: 15    Spells: 3 memorised, 2 levels left

rFire  . . .     SeeInvis .     l - +0 spear
rCold  . . .     Gourm    .     q - +0 robe (curse)
rNeg   . . .     Faith    .     (no shield)
rPois  .         Spirit   .     (no helmet)
rElec  .         Dismiss  .     (no cloak)
rCorr  .         Reflect  .     (no gloves)
SustAt .         Harm     .     (no boots)
MR     .....                    j - amulet of magic regeneration
Stlth  ++........               (no ring)
                                d - ring of magical power

@: not resistant to hostile enchantments, unstealthy
A: no striking features
a: no special abilities

Inventory:

Hand Weapons
 l - a +0 spear (weapon)
Armour
 k - a +0 buckler
 q - a cursed +0 robe (worn)
Jewellery
 d - a ring of magical power (left hand)
 j - an amulet of magic regeneration (around neck)
 n - a cursed amulet of inaccuracy {unknown}
Scrolls
 a - a scroll of remove curse {unknown}
 e - a scroll of teleportation
 f - 2 scrolls of identify
 i - a scroll of noise
 o - a scroll of recharging
Books
 b - a book of Flames

   Spells                             Type                      Level
   a - Flame Tongue                   Conjuration/Fire             1
   b - Throw Flame                    Conjuration/Fire             2
   c - Conjure Flame                  Conjuration/Fire             3
   d - Inner Flame                    Hexes/Fire                   3
   e - Sticky Flame                   Conjuration/Fire             4
   f - Fireball                       Conjuration/Fire             5
Comestibles
 c - 2 bread rations
 h - a beef jerky
 m - 4 chunks of flesh
 p - a meat ration


   Skills:
 - Level 2.4 Dodging
 - Level 2.4 Stealth
 + Level 3.6 Spellcasting
 * Level 2.3 Conjurations
 + Level 3.9 Fire Magic


You had 2 spell levels left.
You knew the following spells:

 Your Spells              Type           Power        Failure   Level  Hunger
a - Flame Tongue          Conj/Fire      ###..        3%          1    None
b - Conjure Flame         Conj/Fire      ###.....     12%         3    ###....
c - Inner Flame           Hex/Fire       ##......     21%         3    ###....


You were on level 3 of the Dungeon.
You were not hungry.

You visited 1 branch of the dungeon, and saw 3 of its levels.

You collected 31 gold pieces.

#......# *.#***,*****,***,*
#......#########..,,,,,,,,,,* *,*
#..............w#****,###**** *,*
#...............# *,#<#******,*
#...............#####+#.#,,,,,,,*
#....%...o......##......#,****,,*
#.........o.....##......#,* *,,*
#.#........oo...##......#,****,,*
..#>.(.....J....@...#'#.#,,,,,,,*
#*#...........).###.#.#.#****,,,*
#.#.............#.#.#..,***,,,*
#...............#.#.#.#.,,,,,,,
**###.#############.#.#####**,***
,,,...,,,,,,,,,,,*#.#..,,,,,,,*
,,,.,,,,********,*#.###**********
,,,,,,,,,,,<,,,*,*#..,,,,,,,,,,,,
,,,,,,,,,***,*,*,*,,,,,,,,,,,****

Notes
Turn   | Place    | Note
--------------------------------------------------------------
     0 | D:1      | ololoev the Deep Elf Fire Elementalist began the quest for the Orb.
     0 | D:1      | Reached XP level 1. HP: 10/10 MP: 6/6
   126 | D:1      | Reached XP level 2. HP: 15/15 MP: 8/8
   215 | D:2      | Noticed Terence
   617 | D:2      | Reached XP level 3. HP: 11/19 MP: 10/10
   622 | D:2      | Learned a level 3 spell: Conjure Flame
   626 | D:2      | Learned a level 3 spell: Inner Flame
   758 | D:3      | Killed from afar by an orc priest

Dungeon Overview and Level Annotations

Branches:
Dungeon (3/15)

Altars:

Annotations:
D:2 Terence


Message History

Aiming: Flame Tongue
Press: ? - help, Shift-Dir - straight line, f - giant gecko
Aim: a giant gecko The flame tongue misses the giant gecko.
Casting: Flame Tongue
Confirm with . or Enter, or press ? or * to list all spells.
Aiming: Flame Tongue
Press: ? - help, Shift-Dir - straight line, f/p - giant gecko
Aim: a giant gecko The flame tongue hits the giant gecko.
The giant gecko is heavily wounded.
Casting: Flame Tongue
Confirm with . or Enter, or press ? or * to list all spells.
Aiming: Flame Tongue
Press: ? - help, Shift-Dir - straight line, f/p - giant gecko
Aim: a giant gecko (heavily wounded)
The flame tongue hits the giant gecko.
You kill the giant gecko!
Found 7 tomahawks.
Found a stone staircase leading down.
a - a scroll labeled JUSISHOOMA
Found a bread ration.
You open the door.
There is an open door here.
There is a stone staircase leading down here.
c - 2 bread rations (gained 1)
There is a stone staircase leading down here.
You climb downwards.
There is a stone staircase leading up here.
You open the door. You open the door.
A hobgoblin comes into view. It is wielding a club.
There is an open door here.
Casting: Flame Tongue
Confirm with . or Enter, or press ? or * to list all spells.
Aiming: Flame Tongue
Press: ? - help, Shift-Dir - straight line, f - hobgoblin
Aim: a hobgoblin, wielding a club (resting)
The flame tongue hits the hobgoblin.
You kill the hobgoblin!
Found 7 stones and a bread ration.
Found a stone staircase leading down.
An orc comes into view. It is wielding a hand axe.
An orc priest comes into view. It is wielding a mace.
The orc shouts!
Found an escape hatch in the ceiling.
An ooze and an orc priest come into view.
An orc comes into view. It is wielding a dagger.
Evoke which item? (* to show all) (? for menu, Esc to quit)
Okay, then.
You aren't carrying any potions.
Unknown command.
Read which item? (? for menu, Esc to quit)
As you read the scroll labeled FIAVIE BUAZIRU, it crumbles to dust.
You hear a loud clanging noise!
It was a scroll of noise.
The ooze quivers.
The orc shouts!
You hear a shout! x6
Read which item? (? for menu, Esc to quit)
As you read the scroll labeled CIOTIA EDIAL, it crumbles to dust.
You feel aware of your surroundings.
It was a scroll of magic mapping.
Read which item? (? for menu, Esc to quit)
As you read the scroll labeled CODE TOTSO, it crumbles to dust.
You feel strangely unstable.
It was a scroll of teleportation.
The orc hits you with a hand axe.
Read which item? (? for menu, Esc to quit)
As you read the scroll labeled REDIFRA YSTOI, it crumbles to dust.
It is a scroll of identify.
Identify which item? (\ to view known items) (? for menu, Esc to quit)
o - a scroll of recharging The orc priest miscasts a cantrip.
The orc closely misses you.
Your surroundings seem slightly different.
The orc priest casts a cantrip, but nothing happens.
You see here a club.
A worm comes into view.
The orc priest calls down the wrath of Beogh upon you.
Beogh smites you!
Ouch! That really hurt!
You die...

You could see a worm (wandering), 2 orc priests, an ooze and 2 orcs.

Vanquished Creatures
  2 worms (D:2)
  4 giant geckos
  4 giant cockroaches
  3 goblins (D:1)
  3 hobgoblins
  3 jackals (D:1)
  A ball python (D:1)
  A bat (D:2)
  2 giant newts
  4 kobolds
  2 rats (D:2)
29 creatures vanquished.

Action                   || total
-------------------------++-------
Melee: Spear             ||     2
 Cast: Flame Tongue      ||    60
  Use: Scroll            ||     4
 Stab: Sleeping          ||     1

Vault maps used:
D:1:      minmay_arrival_three_doors
D:2:      lemuel_round_altar, uniq_terence
